 Dungeon Crawl Stone Soup version 0.32-a0-520-g344ed53f66 (webtiles) character file.

Game seed: 2844511055995064070

72 ezpacito the Trooper (level 4, -5/52 HPs)
             Began as a Demonspawn Chaos Knight on Feb 27, 2024.
             Was a Plaything of Xom.
             Slain by a gnoll
             ... wielding a +0 halberd
              (8 damage)
             ... on level 2 of the Dungeon.
             The game lasted 00:01:32 (1205 turns).

ezpacito the Trooper (Demonspawn Chaos Knight)      Turns: 1205, Time: 00:01:32

Health: -5/52      AC:  6    Str: 15    XL:     4   Next: 7%
Magic:  5/5        EV: 11    Int: 12    God:    Xom [.*....]
Gold:   77         SH:  0    Dex: 12    Spells: 5/5 levels left

rFire   . . .        a - +0 hand axe (chaos)
rCold   . . .        (no shield)
rNeg    . . .        b - +2 leather armour
rPois   .            (helmet restricted)
rElec   .            (no cloak)
rCorr   .            (no gloves)
SInv    .            (no boots)
Will    .....        m - amulet of magic regeneration Stlth
                     (no ring)
HPRegen 0.28/turn    (no ring)
MPRegen 0.49/turn

%: no passive effects
@: berserking, attractive, very quick
A: horns 1, sharp scales 1
a: Renounce Religion


You were on level 2 of the Dungeon.
You worshipped Xom.
You were a plaything of Xom.
You visited 1 branch of the dungeon, and saw 2 of its levels.

You collected 77 gold pieces.

Inventory:

Hand Weapons
 a - a +0 hand axe of chaos (weapon)
Missiles
 f - 2 poisoned darts (quivered)
Armour
 b - a +2 leather armour (worn)
Jewellery
 m - an amulet of magic regeneration (around neck)
Scrolls
 d - a scroll of enchant weapon {unknown}
 e - a scroll of teleportation {unknown}
 h - a scroll of fear {unknown}
 i - a scroll of noise {unknown}
 j - a scroll of revelation {unknown}
 k - a scroll of immolation {unknown}


   Skills:
 * Level 3.3 Fighting
 * Level 3.0(3.1) Axes
 + Level 0.4(1.9) Polearms
 * Level 2.1 Armour
 * Level 1.5 Dodging
 + Level 0.5 Stealth
 * Level 1.0 Unarmed Combat
 * Level 1.0 Spellcasting


You had 5 spell levels left.
You didn't know any spells.
Your spell library contained the following spells:

 Spells                   Type           Power      Damage    Failure   Level
 Sublimation of Blood     Necr           0%         N/A       50%         2
 Petrify                  Alch/Erth      0%         N/A       98%         4
 Irradiate                Conj/Alch      0%         3d11      100%        5


Dungeon Overview and Level Annotations

Branches:
Dungeon (2/15)

Altars:


Innate Abilities, Weirdness & Mutations

You have a pair of small horns on your head.
You are partially covered in razor-sharp scales. (AC +1, Slay +1)


Message History

You climb downwards.
The gnoll hits you from afar with a +0 halberd.
The gnoll closely misses you.
There is a stone staircase leading up, spattered with blood here.
The gnoll barely misses you. The gnoll hits you but does no damage.
You see here a giant cockroach corpse.
The gnoll closely misses you. The gnoll barely misses you.
You hit the gnoll but do no damage. Your headbutt misses the gnoll.
You closely miss the gnoll. The gnoll barely misses you.
The gnoll hits you with a +0 halberd.
You barely miss the gnoll. You headbutt the gnoll.
The gnoll is heavily wounded.
You hit the gnoll. The gnoll hits you with a +0 spear! The gnoll misses you.
The gnoll closely misses you.
You hit the gnoll. You burn the gnoll. Your headbutt misses the gnoll.
The gnoll is heavily wounded.
You barely miss the gnoll. The gnoll hits you with a +0 halberd!
* * * LOW HITPOINT WARNING * * *
You emit a cloud of colourful smoke!
The gnoll hits you with a +0 spear.
* * * LOW HITPOINT WARNING * * *
Okay, then.
It was a potion of attraction.
You feel attractive to monsters. The gnoll closely misses you. x2
It was a potion of berserk rage.
A red film seems to cover your vision as you go berserk!
You feel yourself moving faster!
You feel mighty!
Xom thinks this is hilarious!
The gnoll closely misses you. x2
You slash the gnoll!
You kill the gnoll!
You closely miss the gnoll. The gnoll closely misses you.
Your Unarmed Combat skill increases to level 1!
You have reached level 4!
You feel stronger.
You hit the gnoll.
The gnoll seems to speed up.
The gnoll is moderately wounded.
The gnoll hits you with a +0 halberd!
You die...

##........ ###...#.... ..
#....## ##. #.## #.##.#
....# ##. #.## #.#.# #.
##..##..######.#.# ..[
..........†.##.#§#####.#
#..####.###.†..#§#<....#
..........#.#..§@§.....#
##......).#...§#g§.....##
#....b.b.#.†....#......#
#......b...............#
##...........#####......#
....[.....#..# #......#
#.........#†.# #......#
....#####....# ......#
.b...b.##...## ####..#


You could see a gnoll (fast).

Vanquished Creatures
  2 gnolls
  An adder (D:2)
  A dart slug (D:2)
  7 ball pythons
  2 endoplasms
  3 giant cockroaches
  5 goblins
  4 hobgoblins (D:1)
  2 jackals (D:2)
  3 kobolds
  4 bats
  2 frilled lizards
  6 rats
42 creatures vanquished.

Notes
Turn   | Place    | Note
-------+----------+-------------------------------------------
     0 | D:1      | ezpacito the Demonspawn Chaos Knight began the quest for
                  | the Orb.
     0 | D:1      | Reached XP level 1. HP: 18/18 MP: 1/1
    50 | D:1      | XOM: potion effect (invisibility)
    69 | D:1      | Reached skill level 1 in Dodging
   213 | D:1      | Gained mutation: You have a pair of small horns on your
                  | head. [demonic ancestry]
   213 | D:1      | Reached XP level 2. HP: 23/24 MP: 2/2
   243 | D:1      | XOM: smoke on damage
   244 | D:1      | XOM: smoke on damage
   278 | D:1      | XOM: silly message
   415 | D:1      | XOM: silly message
   450 | D:1      | XOM: cloud trail
   452 | D:1      | XOM: divination: magic mapping
   475 | D:1      | XOM: silly message
   727 | D:1      | XOM: divination: detect creatures
   770 | D:1      | XOM: silly message
   970 | D:2      | Gained mutation: You are partially covered in razor-sharp
                  | scales. (AC +1, Slay +1) [demonic ancestry]
   970 | D:2      | Reached XP level 3. HP: 29/29 MP: 3/3
  1036 | D:2      | XOM: swap monsters
  1118 | D:2      | XOM: silly message
  1126 | D:1      | Reached skill level 1 in Spellcasting
  1201 | D:2      | XOM: smoke on damage
  1201 | D:2      | HP: 1/29 [gnoll/+0 spear (4)]
  1205 | D:2      | Reached skill level 1 in Unarmed Combat
  1205 | D:2      | Reached XP level 4. HP: 2/35 MP: 5/5
  1205 | D:2      | Slain by a gnoll

Illustrated notes

Levels and vault maps discovered:
D:1:      lightli_arrival_windingriver, layout_loops_ring,
          minmay_split_cup_large
D:2:      layout_rooms, basic_altar, dilly_ecumenical_altar_fadedgnrine,
          nrook_loot_triangle, minmay_misc_feat_alley

Skill      XL: |  1  2  3 |
---------------+----------+-----
Dodging        | 1 |  1.5
Armour         | 2 |  2.1
Axes           | 3 |  3.0
Spellcasting   | 1 |  1.0
Unarmed Combat | 1 |  1.0
Fighting       | |  3.3
Polearms       | |  0.4
Stealth        | |  0.5

Action                     |  1- 3 |  4- 6 || total
---------------------------+-------+-------++-------
  Melee: Hand axe          |    81 |     1 ||    82
         Headbutt          |     7 |       ||     7
    Use: Potion            |     2 |       ||     2
         Scroll            |     1 |       ||     1
 Armour: Leather armour    |    70 |     1 ||    71
  Dodge: Dodged            |    83 |       ||    83

Table legend: (Time is in decaauts)
 A = Elapsed time spent in this place.
 B = Non-inter-level travel time spent in this place.
 C = Inter-level travel time spent in this place.
 D = Time resting spent in this place.
 E = Time spent auto-exploring this place.
 F = Levels seen in this place.
 G = Mean time per level.
                   A        B        C        D        E       F      G
               +--------+--------+--------+--------+--------+-----+--------+
         Total |   1220 |   1121 |     99 |     61 |    804 |   2 |  610.0 |
       Dungeon |   1220 |   1121 |     99 |     61 |    804 |   2 |  610.0 |
               +--------+--------+--------+--------+--------+-----+--------+

Top non-repeatable levels by time:
     D:1: 1013 daAuts
     D:2: 206 daAuts
